 Dungeon Crawl Stone Soup version 0.21-b1-23-g1fb0a74 (webtiles) character file.

927 tkappleton the Basher (level 7, -4/57 HPs)
             Began as a Minotaur Berserker on Jan 6, 2018.
             Was a Priest of Trog.
             Slain by an orc
             ... wielding a cursed +0 flail
              (9 damage)
             ... on level 4 of the Dungeon.
             The game lasted 00:25:17 (4131 turns).

tkappleton the Basher (Minotaur Berserker)          Turns: 4131, Time: 00:25:18

Health: -4/57      AC:  6    Str: 21    XL:     7   Next: 85%
Magic:  6/6        EV: 10    Int:  9    God:    Trog [***...]
Gold:   235        SH:  0    Dex: 12    Spells: 6/6 levels left

rFire    . . .     SeeInvis .   a - +0 whip (flame)
rCold    . . .     Gourm    .   (no shield)
rNeg     . . .     Faith    .   i - +0 scale mail
rPois    .         Spirit   .   (helmet restricted)
rElec    .         Reflect  .   (no cloak)
rCorr    .         Harm     .   (no gloves)
MR       ++...                  (no boots)
Stlth    ..........             (no amulet)
HPRegen  1.19/turn              (no ring)
MPRegen  0.10/turn              (no ring)

@: brilliant, regenerating, drained
A: retaliatory headbutt, horns 2
a: Berserk, Trog's Hand, Burn Spellbooks, Renounce Religion


You were on level 4 of the Dungeon.
You worshipped Trog.
Trog was most pleased with you.
You were hungry.

You visited 1 branch of the dungeon, and saw 4 of its levels.
You also visited: Sewer.

You collected 235 gold pieces.

Inventory:

Hand Weapons
 a - a +0 whip of flaming (weapon)
 b - a +0 hunting sling
Missiles
 d - 102 stones (quivered)
 x - 14 sling bullets
Armour
 e - a +0 plate armour
 i - a +0 scale mail (worn)
 v - a +0 plate armour
Scrolls
 g - a scroll of magic mapping {unknown}
 h - 4 scrolls of identify {unknown}
 n - 2 scrolls of teleportation {unknown}
 o - a scroll of fear {unknown}
 p - a scroll of immolation {unknown}
 q - a scroll of remove curse {unknown}
 r - a scroll of brand weapon {unknown}
 t - a scroll of enchant armour {unknown}
Potions
 f - a potion of agility {unknown}
 j - 3 potions of curing
 k - 3 potions of haste
 l - a potion of brilliance
 m - a potion of invisibility {unknown}
 s - a potion of berserk rage {unknown}
 u - a potion of resistance {unknown}
 w - a potion of lignification {unknown}
Comestibles
 c - 13 rations
 z - 5 chunks of flesh


   Skills:
 - Level 3.6(3.5) Fighting
 + Level 11.2(11.0) Maces & Flails
 - Level 2.4(2.3) Armour
 - Level 2.1(2.0) Dodging


You had 6 spell levels left.
You didn't know any spells.

Dungeon Overview and Level Annotations

Branches:
Dungeon (4/15)
 Temple: D:4-7

Altars:
Okawaru
Qazlal
Vehumet
The Shining One


Innate Abilities, Weirdness & Mutations

You reflexively headbutt those who attack you in melee.
You have a pair of horns on your head.


Message History

The orc is heavily wounded.
The orc hits you but does no damage.
You hit the orc. You burn the orc. You headbutt the orc.
You kill the orc!
Trog accepts your kill. The orc barely misses you.
You hit the orc. You burn the orc.
The orc is severely wounded.
You hit the orc but do no damage.
The orc is severely wounded.
The orc hits you with a falchion.
* * * LOW HITPOINT WARNING * * *
The orc barely misses you.
You closely miss the orc.
The orc is severely wounded.
You hit the orc. You burn the orc.
You kill the orc!
Trog accepts your kill. The orc hits you with a flail!
You die...

#.#.#...#.# #)).#
##.#.#...#.# #...#
.........#.# #(..#
.........#.#######...#######
.......#.#.#....(..........#
..[........................#
....#..#.###)...o).........#
....##.#.# #####o#(...####.#
....##.#.# #@#....# #...
###...<..# #)#o{..# #####
####.### #)#....# #.#######
#.....รท# #.#.....###......#
#.##.......#.#.#######
#.##.......#.........#
#.#........###.....#.#
#.#..................###


You could see 2 orcs.

Vanquished Creatures
  Sigmund (D:2)
  An ogre (D:4)
  A crocodile (Sewer)
  A scorpion (D:3)
  A howler monkey (D:3)
  A hound (D:4)
  2 orc priests (D:4)
  A bullfrog skeleton (D:4)
  2 orc wizards (D:4)
  A centaur skeleton (D:4)
  2 iguanas (D:4)
  A worker ant (D:4)
  A hound skeleton (D:3)
  3 gnolls (D:2)
  11 adders
  2 worms
  2 leopard geckos (D:1)
  8 orcs
  A ball python (D:3)
  9 bats
  3 giant cockroaches
  8 goblins
  11 hobgoblins
  4 jackals
  8 kobolds
  3 quokkas
  3 frilled lizards (D:1)
  12 rats
104 creatures vanquished.

Notes
Turn   | Place    | Note
-------+----------+-------------------------------------------
     0 | D:1      | tkappleton the Minotaur Berserker began the quest for the Orb.
     0 | D:1      | Reached XP level 1. HP: 19/19 MP: 0/0
   178 | D:1      | Reached skill level 4 in Maces & Flails
   240 | D:1      | Reached XP level 2. HP: 26/26 MP: 1/1
   909 | D:2      | Reached skill level 5 in Maces & Flails
  1008 | D:2      | Reached ** piety under Trog
  1028 | D:2      | Reached XP level 3. HP: 31/31 MP: 2/2
  1113 | D:2      | Found a stormy altar of Qazlal.
  1201 | D:2      | Found an iron altar of Okawaru.
  1399 | D:2      | Noticed Sigmund
  1415 | D:2      | Killed Sigmund
  1415 | D:2      | Reached skill level 7 in Maces & Flails
  1415 | D:2      | Reached XP level 4. HP: 25/39 MP: 3/3
  1415 | D:2      | Reached XP level 5. HP: 29/45 MP: 4/4
  1718 | D:2      | Found a glowing golden altar of the Shining One.
  1735 | D:2      | Reached skill level 8 in Maces & Flails
  2105 | D:3      | Found a glowing drain.
  2121 | D:3      | Reached XP level 6. HP: 51/51 MP: 5/5
  2138 | Sewer    | Entered a sewer
  2431 | D:3      | Reached skill level 9 in Maces & Flails
  2775 | D:3      | Reached *** piety under Trog
  2972 | D:3      | Found a radiant altar of Vehumet.
  3484 | D:3      | Reached XP level 7. HP: 47/57 MP: 6/6
  3648 | D:4      | Reached skill level 10 in Maces & Flails
  4087 | D:4      | Reached skill level 11 in Maces & Flails
  4120 | D:4      | HP: 1/57 [orc/hand axe (5)]
  4131 | D:4      | Slain by an orc

Skill      XL: |  1  2  3  4  5  6  7 |
---------------+----------------------+-----
Maces & Flails | 4 5 7 8 9 11 | 11.2
Fighting       | |  3.6
Armour         | |  2.4
Dodging        | |  2.1

Action                   |  1- 3 |  4- 6 |  7- 9 || total
-------------------------+-------+-------+-------++-------
Melee: Mace              |    37 |       |       ||    37
       Headbutt          |    11 |    14 |    16 ||    41
       Whip              |    22 |    74 |    55 ||   151
 Fire: Hunting sling     |     4 |    57 |    34 ||    95
Throw: Stone             |    93 |     6 |       ||    99
Invok: Trog's Hand       |     1 |       |     2 ||     3
       Berserk           |     1 |       |       ||     1
       Burn Spellbooks   |       |     1 |       ||     1
  Use: Potion            |       |       |     2 ||     2
 Stab: Sleeping          |     1 |       |       ||     1
  Eat: Chunk             |     1 |     8 |     2 ||    11
Armor: Animal skin       |     2 |       |       ||     2
       Scale mail        |    10 |    43 |    21 ||    74
Dodge: Dodged            |    32 |    49 |    29 ||   110
